 Dungeon Crawl Stone Soup version 0.22.1-6-g1668fe2 (webtiles) character file.

6538 Fang the Cleaver (level 11, -16/106 HPs)
             Began as a Gargoyle Berserker on Jan 24, 2019.
             Was a High Priest of Trog.
             Demolished by a skeletal warrior
             ... wielding a +0 glaive
             ... led by a skeletal warrior
              (24 damage)
             ... on level 11 of the Dungeon on Jan 25, 2019.
             The game lasted 00:15:11 (10338 turns).

Fang the Cleaver (Gargoyle Berserker)              Turns: 10338, Time: 00:15:11

Health: -16/106    AC: 21    Str: 33    XL:     11   Next: 1%
Magic:  11/11      EV: 13    Int:  8    God:    Trog [*****.]
Gold:   566        SH:  0    Dex:  9    Spells: 10/10 levels left

rFire    + . .     SeeInvis .   q - +0 war axe
rCold    . . .     Gourm    .   (no shield)
rNeg     + . .     Faith    .   t - +7 ring mail of Day {rPois Regen+}
rPois    ∞         Spirit   .   (no helmet)
rElec    +         Reflect  .   (no cloak)
rCorr    .         Harm     .   (no gloves)
MR       .....                  (no boots)
Stlth    ..........             (no amulet)
HPRegen  0.67/turn              j - ring of protection from fire
MPRegen  0.12/turn              C - +4 ring of strength

@: berserking, very quick
A: negative energy resistance 1, electricity resistance, unbreathing,
petrification resistance, rot immunity, AC +8
a: Berserk, Trog's Hand, Brothers in Arms, Renounce Religion


You were on level 11 of the Dungeon.
You worshipped Trog.
Trog was extremely pleased with you.
You were hungry.

You visited 2 branches of the dungeon, and saw 12 of its levels.

You collected 566 gold pieces.

Inventory:

Hand Weapons
 q - a +0 war axe (weapon)
Armour
 a - a +5 crystal plate armour
 t - the +7 ring mail of Day (worn) {rPois Regen+}
   (You found it on level 5 of the Dungeon)

   It protects you from poison.
   It increases your rate of regeneration.
Jewellery
 j - a ring of protection from fire (left hand)
 n - an uncursed amulet of guardian spirit {unknown}
 A - an uncursed ring of protection from cold
 C - a +4 ring of strength (right hand)
Wands
 h - a wand of enslavement (13)
 r - a wand of flame (32)
 x - a wand of paralysis (26)
 y - a wand of polymorph (30)
 B - a wand of acid (5)
Scrolls
 b - 2 scrolls of remove curse
 f - 6 scrolls of identify
 k - 8 scrolls of teleportation
 m - 2 scrolls of fog
 u - 2 scrolls of blinking
Potions
 d - a potion of mutation
 e - 2 potions of haste
 g - 3 potions of might
 i - 2 potions of heal wounds
 l - 5 potions of flight
 o - a potion of invisibility
 p - 2 potions of lignification
 s - 4 potions of curing
 w - a potion of ambrosia {unknown}
 z - 3 potions of brilliance {unknown}
Comestibles
 c - 28 rations
 v - 5 chunks of flesh


   Skills:
 + Level 9.0 Fighting
 + Level 11.3 Axes
 + Level 6.0 Armour
 + Level 4.9 Dodging
 + Level 2.3 Stealth


You had 10 spell levels left.
You didn't know any spells.
Your spell library was empty.

Dungeon Overview and Level Annotations

Branches:
Dungeon (11/15)            Temple (1/1) D:5            Lair (0/6) D:10
    Orc (0/2) D:9

Altars:
Fedhas
Gozag
Kikubaaqudgha
Okawaru
Qazlal
Ru
Sif Muna
Trog
Uskayaw
Zin

Shops:
D:5 =   D:8 !

Annotations:
D:4 2 transporters


Innate Abilities, Weirdness & Mutations

You are resistant to torment.
Your stone body is resilient. (AC +8)
You are immune to poison.
You resist negative energy. (rN+)
You are resistant to electric shocks. (rElec)
You can survive without breathing.
You are immune to petrification.
You are immune to rotting.


Message History

You hit the skeletal warrior but do no damage.
The skeletal warrior closely misses you.
Unknown command.
You closely miss the skeletal warrior.
The skeletal warrior is lightly damaged.
You hit the skeletal warrior.
The skeletal warrior hits you from afar with a glaive!!
* * * LOW HITPOINT WARNING * * *
The skeletal warrior barely misses you.
The skeletal warrior hits you but does no damage.
You slash the skeletal warrior!
The skeletal warrior is moderately damaged.
You slash the skeletal warrior!
The skeletal warrior hits you but does no damage.
Unknown command.
You barely miss the skeletal warrior.
The skeletal warrior is moderately damaged.
You closely miss the skeletal warrior.
The skeletal warrior hits you from afar with a glaive!!
You die...

.........#
###.........+
.........#
###.#######
.........#
##.#
##########
#..# #.## #.#
#.# #.# #@#
#..zz!.#
#.zz...#
.'......#
###.%....'.
#......###
#......#
########


You could see 4 skeletal warriors.

Vanquished Creatures
  Pikel (D:4)
  Psyche (D:9)
  A troll (D:9)
  A merfolk (D:10)
  A hornet (D:11)
  2 hippogriffs
  3 yaks (D:11)
  A hungry ghost (D:7)
  Duvessa (D:6)
  3 orc warriors
  A sky beast (D:6)
  The ghost of ahnwi the Ducker, an amateur TrWr (D:3)
  A necrophage (D:10)
  A phantom (D:8)
  3 ogres
  3 centaurs
  A crocodile (D:9)
  6 bullfrogs
  A gnoll sergeant (D:7)
  6 scorpions
  Dowan (D:6)
  5 wights (D:10)
  7 howler monkeys
  2 crimson imps
  A jelly (D:8)
  A centaur zombie (D:9)
  6 orc priests
  Crazy Yiuf (D:5)
  A bullfrog skeleton (D:6)
  A centaur skeleton (D:8)
  5 hounds
  12 orc wizards
  5 iguanas
  10 worker ants
  Natasha (twice) (D:4)
  A killer bee zombie (D:6)
  14 gnolls
  11 adders
  5 shadow imps
  An ooze (D:2)
  2 adder zombies
  4 worms
  3 dart slugs
  7 leopard geckos
  30 orcs
  2 ball pythons
  8 giant cockroaches
  7 goblins
  12 hobgoblins
  9 jackals
  5 quokkas
  6 bats
  3 frilled lizards
  8 kobolds
  A leopard gecko skeleton (D:4)
  A leopard gecko zombie (D:6)
  A quokka skeleton (D:7)
  4 rats
  A bush (D:5)
  4 fungi
  A plant (D:10)
250 creatures vanquished.

Vanquished Creatures (others)
  2 slaves (D:4)
  A phantom (D:4)
  Blork the orc (D:4)
  Natasha (D:4)
  A quokka (D:4)
6 creatures vanquished.

Grand Total: 256 creatures vanquished

Notes
Turn   | Place    | Note
-------+----------+-------------------------------------------
     0 | D:1      | Fang the Gargoyle Berserker began the quest for the Orb.
     0 | D:1      | Reached XP level 1. HP: 14/14 MP: 1/1
   346 | D:1      | Reached skill level 3 in Axes
   346 | D:1      | Reached XP level 2. HP: 16/19 MP: 2/2
   642 | D:1      | Reached XP level 3. HP: 24/24 MP: 3/3
  1109 | D:2      | Reached ** piety under Trog
  1251 | D:2      | Reached XP level 4. HP: 17/29 MP: 4/4
  2135 | D:3      | Reached XP level 5. HP: 33/33 MP: 5/5
  2175 | D:3      | Reached skill level 4 in Axes
  2225 | D:3      | Noticed ahnwi's ghost (amateur TrWr)
  2240 | D:3      | Found a runed door.
  2743 | D:3      | You fall through a shaft!
  2743 | D:4      | Found an opulent altar of Gozag.
  2743 | D:4      | Found a sacrificial altar of Ru.
  2743 | D:4      | Found a glowing silver altar of Zin.
  2744 | D:4      | Found a blossoming altar of Fedhas.
  2744 | D:4      | Noticed Pikel
  2744 | D:4      | Noticed a slave
  2744 | D:4      | Noticed Natasha
  2745 | D:4      | Found a bloodstained altar of Trog.
  2745 | D:4      | Noticed a slave
  2745 | D:4      | Noticed a slave
  2745 | D:4      | Noticed a slave
  2751 | D:4      | HP: 2/49 [slave[Pikel] (3)]
  2752 | D:4      | Killed Pikel
  2752 | D:4      | Reached skill level 5 in Axes
  2752 | D:4      | Reached skill level 1 in Stealth
  2752 | D:4      | Reached XP level 6. HP: 3/39 MP: 6/6
  2752 | D:4      | Reached XP level 7. HP: 3/44 MP: 7/7
  2752 | D:4      | Killed Natasha
  2836 | D:4      | Killed Blork the orc
  2917 | D:4      | Found a transporter.
  2934 | D:4      | Reached skill level 6 in Axes
  2945 | D:4      | Killed Natasha
  3136 | D:4      | Found a deep blue altar of Sif Muna.
  3201 | D:4      | Found a transporter.
  3283 | D:4      | Noticed Natasha
  3287 | D:4      | Killed Natasha
  3436 | D:4      | Reached *** piety under Trog
  3566 | D:4      | Reached skill level 5 in Fighting
  3956 | D:5      | Entered Level 5 of the Dungeon
  4380 | D:3      | Killed ahnwi's ghost
  4380 | D:3      | Reached XP level 8. HP: 49/49 MP: 8/8
  4631 | D:5      | Reached skill level 7 in Axes
  5034 | D:5      | Got a twisted ring mail
  5045 | D:5      | Identified the +7 ring mail of Day {rPois Regen+} (You
                  | found it on level 5 of the Dungeon)
  5123 | D:5      | Found a staircase to the Ecumenical Temple.
  5151 | Temple   | Entered the Ecumenical Temple
  5297 | D:5      | Found Peypt's Jewellery Boutique.
  5447 | D:5      | Found an ancient bone altar of Kikubaaqudgha.
  5626 | D:5      | Found a runed door.
  5630 | D:5      | Noticed Crazy Yiuf
  5636 | D:5      | Killed Crazy Yiuf
  5851 | D:6      | Found a sacrificial altar of Ru.
  5864 | D:6      | Reached **** piety under Trog
  5864 | D:6      | Reached skill level 8 in Axes
  5904 | D:6      | Noticed Duvessa
  5905 | D:6      | Noticed Dowan
  5911 | D:6      | Killed Dowan
  5912 | D:6      | Killed Duvessa
  5912 | D:6      | Reached XP level 9. HP: 55/55 MP: 9/9
  6687 | D:7      | Reached skill level 9 in Axes
  7372 | D:7      | Found an opulent altar of Gozag.
  7448 | D:7      | Reached ***** piety under Trog
  7523 | D:7      | You fall through a shaft!
  7583 | D:8      | Reached skill level 5 in Armour
  7721 | D:8      | Reached XP level 10. HP: 56/63 MP: 10/10
  7722 | D:8      | Reached skill level 10 in Axes
  7808 | D:8      | Found Zakin's Distillery.
  8191 | D:9      | Noticed Psyche
  8209 | D:9      | Killed Psyche
  8356 | D:9      | Found a stormy altar of Qazlal.
  8438 | D:9      | Found a staircase to the Orcish Mines.
  8703 | D:9      | Found an iron altar of Okawaru.
  8774 | D:9      | Found a hide-covered altar of Uskayaw.
  9250 | D:10     | Entered Level 10 of the Dungeon
  9594 | D:10     | Found a staircase to the Lair.
  9864 | D:10     | Received a gift from Trog
  9951 | D:10     | Reached skill level 11 in Axes
 10271 | D:11     | Reached XP level 11. HP: 48/71 MP: 11/11
 10331 | D:11     | Noticed a skeletal warrior
 10331 | D:11     | Noticed a skeletal warrior
 10331 | D:11     | Noticed a skeletal warrior
 10331 | D:11     | Noticed a skeletal warrior
 10338 | D:11     | Demolished by a skeletal warrior

Skill      XL: |  1  2  3  4  5  6  7  8  9 10 |
---------------+-------------------------------+-----
Axes           | 3 5 6 8 9 11 | 11.3
Dodging        | 2 3 4 |  4.9
Fighting       | 4 5 6 7 9 |  9.0
Stealth        | 1 2 |  2.3
Armour         | 3 4 5 6 |  6.0

Action                   |  1- 3 |  4- 6 |  7- 9 | 10-12 || total
-------------------------+-------+-------+-------+-------++-------
Melee: Hand axe          |   133 |    86 |       |       ||   219
       War axe           |       |    13 |   550 |   249 ||   812
Invok: Berserk           |       |     1 |     7 |     5 ||    13
  Use: Scroll            |       |       |       |    21 ||    21
 Stab: Sleeping          |     1 |       |       |     1 ||     2
  Eat: Chunk             |     1 |     5 |    16 |    13 ||    35
       Ration            |       |       |     3 |       ||     3
Armor: Animal skin       |    52 |    22 |       |       ||    74
       Leather armour    |       |     9 |    20 |       ||    29
       Scale mail        |       |       |    15 |       ||    15
       Ring mail         |       |       |   219 |   135 ||   354
       Crystal plate arm |       |       |     7 |       ||     7
Dodge: Dodged            |   105 |    73 |   314 |   177 ||   669
